Workbook

Sheet Портфель
A1: Тикер | B1: Тип | C1: Название | D1: Валюта | E1: Количество | F1: Цена | G1: Номинал | H1: НКД | I1: Погашение | J1: Сумма | K1: Доходность | L1: Средняя цена | M1: Доля | O1: Имя | P1: Курс к рублю | Q1: Курс к RUR
A2: EQMX | B2: etf | C2: EQMX ETF | D2: RUR | E2: 6166 | F2: 126.25 | G2: 0 | H2: 0 | J2: ==E2*F2*Портфель!$Q$13 | K2: 0.0443 | L2: 98.26 | M2: 51.34 | O2: AMD | P2: 0.2395 | Q2: ==P2/$P$13
A3: FXGD | B3: etf | C3: FXGD ETF | D3: RUR | E3: 1360 | F3: 249.01376 | G3: 0 | H3: 0 | J3: ==E3*F3*Портфель!$Q$13 | K3: 0.1821 | L3: 87.36 | M3: 22.33 | O3: BYN | P3: 27.8875 | Q3: ==P3/$P$13
A4: SBGB | B4: etf | C4: SBGB ETF | D4: RUR | E4: 15000 | F4: 15.152 | G4: 0 | H4: 0 | J4: ==E4*F4*Портфель!$Q$13 | K4: 0.0318 | L4: 12.45 | M4: 14.99 | O4: CAD | P4: 59.890072 | Q4: ==P4/$P$13
A5: FXTB | B5: etf | C5: FXTB ETF | D5: RUR | E5: 1660 | F5: 103.49647 | G5: 0 | H5: 0 | J5: ==E5*F5*Портфель!$Q$13 | K5: 0.0507 | L5: 74.55 | M5: 11.33 | O5: CHF | P5: 102.5937 | Q5: ==P5/$P$13
H6: Сумма по фондам: | J6: ==SUM(J2:J5) | M6: ==J6/J9 | O6: CNY | P6: 12.7516 | Q6: ==P6/$P$13
A7: RUR | B7: Валюта | C7: Рубль | D7: RUR | E7: 128.9 | F7: 1 | G7: 0 | H7: 0 | J7: ==E7*F7 | O7: EUR | P7: 96.3287 | Q7: ==P7/$P$13
H8: Сумма по валютам: | J8: ==SUM(J7:J7) | M8: ==J8/J9 | O8: GBP | P8: 113.5104 | Q8: ==P8/$P$13
H9: Сумма: | J9: ==J6+J8 | O9: GLD | P9: 11244 | Q9: ==P9/$P$13
O10: HKD | P10: 10.369 | Q10: ==P10/$P$13
O11: JPY | P11: 0.44 | Q11: ==P11/$P$13
O12: KZT | P12: 0.1971 | Q12: ==P12/$P$13
O13: RUR | P13: 1 | Q13: ==P13/$P$13
O14: SLV | P14: 159.1 | Q14: ==P14/$P$13
O15: TRY | P15: 1.743 | Q15: ==P15/$P$13
O16: UAH | P16: 2.11125 | Q16: ==P16/$P$13
O17: USD | P17: 85.4811 | Q17: ==P17/$P$13

Sheet XIRR
A1: Дата | B1: Сумма | C1: Примечание | D1: . | E1: .. | F1: d | G1: s | H1: ds
A2: 43966 | B2: 1000000 | C2: Ввод ДС | F2: 0 | G2: ==B2 | H2: 0
A3: 43966 | B3: 2700 | C3: Ввод ДС | F3: ==A3-A2 | G3: ==B3+G2 | H3: ==F3*G2
A4: 43977 | B4: 150 | C4: Ввод ДС | F4: ==A4-A3 | G4: ==B4+G3 | H4: ==F4*G3
A5: 43979 | B5: 1100 | C5: Ввод ДС | F5: ==A5-A4 | G5: ==B5+G4 | H5: ==F5*G4
A6: 43979 | B6: 3600 | C6: Ввод ДС | F6: ==A6-A5 | G6: ==B6+G5 | H6: ==F6*G5
A7: 43979 | B7: 400 | C7: Ввод ДС | F7: ==A7-A6 | G7: ==B7+G6 | H7: ==F7*G6
A8: 44145 | B8: 39 | C8: Ввод ДС | F8: ==A8-A7 | G8: ==B8+G7 | H8: ==F8*G7
A9: 46304 | B9: -1516329.2 | C9: Баланс сейчас | F9: ==A9-A8 | G9: ==B9+G8 | H9: ==F9*G8
B10: ==XIRR(B2:B9,A2:A9) | C10: XIRR | G10: Сред.взвеш.сумм. | H10: ==SUM(I2:H9)/365
B11: ==-SUM(B2:B9) | C11: Полный доход, RUR | G11: Сред.год.дох. | H11: ==B11/H10

Sheet Доходность откр.
B1: EQMX | E1: FXGD | H1: SBGB | K1: FXTB
A2: 43966 | B2: 200076.5 | C2: buy | D2: 43966 | E2: 70250 | F2: buy | G2: 43966 | H2: 140204 | I2: buy | J2: 43966 | K2: 140235 | L2: buy
A3: 43966 | B3: 100170 | C3: buy | D3: 43966 | E3: 50103 | F3: buy | G3: 43977 | H3: 1253.2 | I3: buy | J3: 43977 | K3: 7991.5 | L3: buy
A4: 43977 | B4: -13722.4 | C4: sell | D4: 43977 | E4: 6736 | F4: buy | G4: 43979 | H4: 37402 | I4: buy | J4: 43979 | K4: -52895 | L4: sell
A5: 43979 | B5: 362500.2 | C5: buy | D5: 43977 | E5: 841.4 | F5: buy | G5: 43986 | H5: -24989 | I5: sell | J5: 43986 | K5: 16790.8 | L5: buy
A6: 43986 | B6: -10048.9 | C6: sell | D6: 43979 | E6: -32678.6 | F6: sell | G6: 44053 | H6: 13714.8 | I6: buy | J6: 44053 | K6: 1501 | L6: buy
A7: 44053 | B7: 4440 | C7: buy | D7: 43986 | E7: 18314.4 | F7: buy | G7: 44114 | H7: -2498 | I7: sell | J7: 44114 | K7: -7878 | L7: sell
A8: 44114 | B8: 10291.2 | C8: buy | D8: 44053 | E8: -20456 | F8: sell | G8: 44145 | H8: 3761.4 | I8: buy | J8: 44145 | K8: 5439 | L8: buy
A9: 44114 | B9: 857.6 | C9: buy | D9: 44145 | E9: 7744 | F9: buy | G9: 44175 | H9: 6309 | I9: buy | J9: 44175 | K9: 8289.6 | L9: buy
A10: 44145 | B10: -16851.9 | C10: sell | D10: 44175 | E10: 10111.2 | F10: buy | G10: 44207 | H10: 11338.2 | I10: buy | J10: 44207 | K10: 6076.8 | L10: buy
A11: 44175 | B11: -24948.5 | C11: sell | D11: 44207 | E11: 6519.8 | F11: buy | G11: 46303 | H11: ==-Портфель!J4 | I11: Стоимость сейчас | J11: 46303 | K11: ==-Портфель!J5 | L11: Стоимость сейчас
A12: 44207 | B12: -23824.9 | C12: sell | D12: 46303 | E12: ==-Портфель!J3 | F12: Стоимость сейчас | H12: ==XIRR(H2:H11,G2:G11) | K12: ==XIRR(K2:K11,J2:J11)
A13: 46303 | B13: ==-Портфель!J2 | C13: Стоимость сейчас | E13: ==XIRR(E2:E12,D2:D12) | H13: ==-SUM(H2:H11) | I13: Полный доход | K13: ==-SUM(K2:K11) | L13: Полный доход
B14: ==XIRR(B2:B13,A2:A13) | E14: ==-SUM(E2:E12) | F14: Полный доход
B15: ==-SUM(B2:B13) | C15: Полный доход

Sheet Доходность закр.
B1: FXIT | E1: RSHA
A2: 43966 | B2: 247304 | C2: buy | D2: 43966 | E2: 200230.4 | F2: buy
A3: 43966 | B3: -46655 | C3: sell | D3: 43966 | E3: -98900.3 | F3: sell
A4: 43966 | B4: -201060 | C4: sell | D4: 43966 | E4: 200880.4 | F4: buy
B5: ==XIRR(B2:B4,A2:A4) | D5: 43977 | E5: -2980.4 | F5: sell
B6: ==-SUM(B2:B4) | C6: Полный доход | D6: 43979 | E6: -309669.4 | F6: sell
E7: ==XIRR(E2:E6,D2:D6)
E8: ==-SUM(E2:E6) | F8: Полный доход

Sheet Доход
B1: EQMX EQMX ETF | E1: FXGD FXGD ETF | H1: SBGB SBGB ETF | K1: FXTB FXTB ETF
A2: 43966 | B2: 1350 | C2: 127587.75 | D2: 43966 | E2: 210 | F2: 18440.625 | G2: 43966 | H2: 9100 | I2: 112907.65 | J2: 43966 | K2: 1030 | L2: 77657.016
A3: 43966 | B3: 1060 | C3: 100170 | D3: 43966 | E3: 570 | F3: 50103 | G3: 43977 | H3: 100 | I3: 1253.2 | J3: 43977 | K3: 110 | L3: 7991.5
A4: 43979 | B4: 3612 | C4: 362500.2 | D4: 43977 | E4: 80 | F4: 6736 | G4: 43979 | H4: 3000 | I4: 37402 | J4: 43986 | K4: 240 | L4: 16790.8
A5: 44053 | B5: 40 | C5: 4440 | D5: 43977 | E5: 10 | F5: 841.4 | G5: 44053 | H5: 1100 | I5: 13714.8 | J5: 44053 | K5: 20 | L5: 1501
A6: 44114 | B6: 96 | C6: 10291.2 | D6: 43986 | E6: 230 | F6: 18314.4 | G6: 44145 | H6: 300 | I6: 3761.4 | J6: 44145 | K6: 70 | L6: 5439
A7: 44114 | B7: 8 | C7: 857.6 | D7: 44145 | E7: 80 | F7: 7744 | G7: 44175 | H7: 500 | I7: 6309 | J7: 44175 | K7: 110 | L7: 8289.6
B8: ==SUM(C2:C7)/SUM(B2:B7) | C8: Средняя цена | D8: 44175 | E8: 110 | F8: 10111.2 | G8: 44207 | H8: 900 | I8: 11338.2 | J8: 44207 | K8: 80 | L8: 6076.8
B9: 126.25 | C9: Текущая цена | D9: 44207 | E9: 70 | F9: 6519.8 | H9: ==SUM(I2:I8)/SUM(H2:H8) | I9: Средняя цена | K9: ==SUM(L2:L8)/SUM(K2:K8) | L9: Средняя цена
B10: 6166 | C10: Остаток | E10: ==SUM(F2:F9)/SUM(E2:E9) | F10: Средняя цена | H10: 15.152 | I10: Текущая цена | K10: 103.49647 | L10: Текущая цена
B11: ==B10*(ABS(B9)-ABS(B8)) | C11: Доход | E11: 249.01376 | F11: Текущая цена | H11: 15000 | I11: Остаток | K11: 1660 | L11: Остаток
E12: 1360 | F12: Остаток | H12: ==H11*(ABS(H10)-ABS(H9)) | I12: Доход | K12: ==K11*(ABS(K10)-ABS(K9)) | L12: Доход
E13: ==E12*(ABS(E11)-ABS(E10)) | F13: Доход

Sheet Сделки
A1: Дата | B1: Тикер | C1: Название | D1: Операция | E1: Тип | F1: Валюта | G1: Количество | H1: Цена | I1: Сумма | J1: НКД | K1: Комиссия банка | L1: Комиссия ТС | M1: RUR | N1: Комментарий
A2: 43966 | B2: input | C2: Ввод ДС | D2: input | E2: input | F2: RUR | G2: 1 | H2: 1 | I2: 1000000 | J2: 0 | K2: 0 | L2: 0 | M2: ==I2+J2+K2+L2
A3: 43966 | B3: SBGB | C3: БПИФ СбербанкИндексМосбиржиОФЗ | D3: buy | E3: etf | F3: RUR | G3: 113 | H3: 1240 | I3: -140120 | J3: 0 | K3: -84 | L3: 0 | M3: ==I3+J3+K3+L3
A4: 43966 | B4: FXTB | C4: FinEx USD CASH EQUIVALENTS ETF | D4: buy | E4: etf | F4: RUR | G4: 186 | H4: 753.5 | I4: -140151 | J4: 0 | K4: -84 | L4: 0 | M4: ==I4+J4+K4+L4
A5: 43966 | B5: FXGD | C5: FinEx Gold ETF USD | D5: buy | E5: etf | F5: RUR | G5: 80 | H5: 877.6 | I5: -70208 | J5: 0 | K5: -42 | L5: 0 | M5: ==I5+J5+K5+L5
A6: 43966 | B6: FXIT | C6: FinEx USA IT UCITS ETF | D6: buy | E6: etf | F6: RUR | G6: 37 | H6: 6680 | I6: -247160 | J6: 0 | K6: -144 | L6: 0 | M6: ==I6+J6+K6+L6
A7: 43966 | B7: EQMX | C7: БПИФ ВТБ-Индекс Мосбиржи | D7: buy | E7: etf | F7: RUR | G7: 2117 | H7: 94.5 | I7: -200056.5 | J7: 0 | K7: -20 | L7: 0 | M7: ==I7+J7+K7+L7
A8: 43966 | B8: RSHA | C8: БПИФ ВТБ Акции компаний США | D8: buy | E8: etf | F8: RUR | G8: 276 | H8: 725.4 | I8: -200210.4 | J8: 0 | K8: -20 | L8: 0 | M8: ==I8+J8+K8+L8
A9: 43966 | B9: FXIT | C9: FinEx USA IT UCITS ETF | D9: sell | E9: etf | F9: RUR | G9: -7 | H9: 6665 | I9: 46655 | J9: 0 | K9: 0 | L9: 0 | M9: ==I9+J9+K9+L9
A10: 43966 | B10: RSHA | C10: БПИФ ВТБ Акции компаний США | D10: sell | E10: etf | F10: RUR | G10: -137 | H10: 721.9 | I10: 98900.3 | J10: 0 | K10: 0 | L10: 0 | M10: ==I10+J10+K10+L10
A11: 43966 | B11: EQMX | C11: БПИФ ВТБ-Индекс Мосбиржи | D11: buy | E11: etf | F11: RUR | G11: 1060 | H11: 94.5 | I11: -100170 | J11: 0 | K11: 0 | L11: 0 | M11: ==I11+J11+K11+L11
A12: 43966 | B12: FXGD | C12: FinEx Gold ETF USD | D12: buy | E12: etf | F12: RUR | G12: 57 | H12: 879 | I12: -50103 | J12: 0 | K12: 0 | L12: 0 | M12: ==I12+J12+K12+L12
A13: 43966 | B13: input | C13: Ввод ДС | D13: input | E13: input | F13: RUR | G13: 1 | H13: 1 | I13: 2700 | J13: 0 | K13: 0 | L13: 0 | M13: ==I13+J13+K13+L13
... A56: 44207.552 | B56: FXTB | C56: FinEx USD CASH EQUIVALENTS ETF | D56: buy | E56: etf | F56: RUR | G56: 8 | H56: 759.6 | I56: -6076.8 | J56: 0 | K56: 0 | L56: 0 | M56: ==I56+J56+K56+L56
L57: Остаток: | M57: ==SUM(M2:M56)

Sheet Возраст
A1: Дата | B1: Портфель | C1: Тикер | D1: Название | E1: Кол. | F1: Y | G1: m | H1: d | I1: Всего дней | J1: Цена покупки с НКД и комиссией | K1: Цена сейчас с НКД | L1: Сумма при продаже | M1: Прибыль | N1: Налог при продаже | O1: Сегодня
A2: 43966 | B2: Норвежский | C2: EQMX | D2: EQMX ETF | E2: 1350 | F2: ==DATEDIF(A2,$O$2,"y") | G2: ==DATEDIF(A2,$O$2,"ym") | H2: ==DATEDIF(A2,$O$2,"md") | I2: 2339 | J2: 94.509447 | K2: ==Портфель!F2*Портфель!$Q$13 | L2: ==E2*K2 | M2: ==(K2-J2)*E2 | N2: ==MAX(0,M2*0.13) | O2: ==TODAY()
A3: 43966 | B3: Норвежский | C3: EQMX | D3: EQMX ETF | E3: 1060 | F3: ==DATEDIF(A3,$O$2,"y") | G3: ==DATEDIF(A3,$O$2,"ym") | H3: ==DATEDIF(A3,$O$2,"md") | I3: 2339 | J3: 94.5 | K3: ==Портфель!F2*Портфель!$Q$13 | L3: ==E3*K3 | M3: ==(K3-J3)*E3 | N3: ==MAX(0,M3*0.13)
A4: 43979 | B4: Норвежский | C4: EQMX | D4: EQMX ETF | E4: 3612 | F4: ==DATEDIF(A4,$O$2,"y") | G4: ==DATEDIF(A4,$O$2,"ym") | H4: ==DATEDIF(A4,$O$2,"md") | I4: 2326 | J4: 100.35997 | K4: ==Портфель!F2*Портфель!$Q$13 | L4: ==E4*K4 | M4: ==(K4-J4)*E4 | N4: ==MAX(0,M4*0.13)
A5: 44053 | B5: Норвежский | C5: EQMX | D5: EQMX ETF | E5: 40 | F5: ==DATEDIF(A5,$O$2,"y") | G5: ==DATEDIF(A5,$O$2,"ym") | H5: ==DATEDIF(A5,$O$2,"md") | I5: 2252 | J5: 111 | K5: ==Портфель!F2*Портфель!$Q$13 | L5: ==E5*K5 | M5: ==(K5-J5)*E5 | N5: ==MAX(0,M5*0.13)
A6: 44114 | B6: Норвежский | C6: EQMX | D6: EQMX ETF | E6: 96 | F6: ==DATEDIF(A6,$O$2,"y") | G6: ==DATEDIF(A6,$O$2,"ym") | H6: ==DATEDIF(A6,$O$2,"md") | I6: 2191 | J6: 107.2 | K6: ==Портфель!F2*Портфель!$Q$13 | L6: ==E6*K6 | M6: ==(K6-J6)*E6 | N6: ==MAX(0,M6*0.13)
A7: 44114 | B7: Норвежский | C7: EQMX | D7: EQMX ETF | E7: 8 | F7: ==DATEDIF(A7,$O$2,"y") | G7: ==DATEDIF(A7,$O$2,"ym") | H7: ==DATEDIF(A7,$O$2,"md") | I7: 2191 | J7: 107.2 | K7: ==Портфель!F2*Портфель!$Q$13 | L7: ==E7*K7 | M7: ==(K7-J7)*E7 | N7: ==MAX(0,M7*0.13)
A8: 43966 | B8: Норвежский | C8: FXGD | D8: FXGD ETF | E8: 210 | F8: ==DATEDIF(A8,$O$2,"y") | G8: ==DATEDIF(A8,$O$2,"ym") | H8: ==DATEDIF(A8,$O$2,"md") | I8: 2339 | J8: 87.8125 | K8: ==Портфель!F3*Портфель!$Q$13 | L8: ==E8*K8 | M8: ==(K8-J8)*E8 | N8: ==MAX(0,M8*0.13)
A9: 43966 | B9: Норвежский | C9: FXGD | D9: FXGD ETF | E9: 570 | F9: ==DATEDIF(A9,$O$2,"y") | G9: ==DATEDIF(A9,$O$2,"ym") | H9: ==DATEDIF(A9,$O$2,"md") | I9: 2339 | J9: 87.9 | K9: ==Портфель!F3*Портфель!$Q$13 | L9: ==E9*K9 | M9: ==(K9-J9)*E9 | N9: ==MAX(0,M9*0.13)
A10: 43977 | B10: Норвежский | C10: FXGD | D10: FXGD ETF | E10: 80 | F10: ==DATEDIF(A10,$O$2,"y") | G10: ==DATEDIF(A10,$O$2,"ym") | H10: ==DATEDIF(A10,$O$2,"md") | I10: 2328 | J10: 84.2 | K10: ==Портфель!F3*Портфель!$Q$13 | L10: ==E10*K10 | M10: ==(K10-J10)*E10 | N10: ==MAX(0,M10*0.13)
A11: 43977 | B11: Норвежский | C11: FXGD | D11: FXGD ETF | E11: 10 | F11: ==DATEDIF(A11,$O$2,"y") | G11: ==DATEDIF(A11,$O$2,"ym") | H11: ==DATEDIF(A11,$O$2,"md") | I11: 2328 | J11: 84.14 | K11: ==Портфель!F3*Портфель!$Q$13 | L11: ==E11*K11 | M11: ==(K11-J11)*E11 | N11: ==MAX(0,M11*0.13)
A12: 43986 | B12: Норвежский | C12: FXGD | D12: FXGD ETF | E12: 230 | F12: ==DATEDIF(A12,$O$2,"y") | G12: ==DATEDIF(A12,$O$2,"ym") | H12: ==DATEDIF(A12,$O$2,"md") | I12: 2319 | J12: 79.627826 | K12: ==Портфель!F3*Портфель!$Q$13 | L12: ==E12*K12 | M12: ==(K12-J12)*E12 | N12: ==MAX(0,M12*0.13)
A13: 44145 | B13: Норвежский | C13: FXGD | D13: FXGD ETF | E13: 80 | F13: ==DATEDIF(A13,$O$2,"y") | G13: ==DATEDIF(A13,$O$2,"ym") | H13: ==DATEDIF(A13,$O$2,"md") | I13: 2160 | J13: 96.8 | K13: ==Портфель!F3*Портфель!$Q$13 | L13: ==E13*K13 | M13: ==(K13-J13)*E13 | N13: ==MAX(0,M13*0.13)
A14: 44175 | B14: Норвежский | C14: FXGD | D14: FXGD ETF | E14: 110 | F14: ==DATEDIF(A14,$O$2,"y") | G14: ==DATEDIF(A14,$O$2,"ym") | H14: ==DATEDIF(A14,$O$2,"md") | I14: 2130 | J14: 91.92 | K14: ==Портфель!F3*Портфель!$Q$13 | L14: ==E14*K14 | M14: ==(K14-J14)*E14 | N14: ==MAX(0,M14*0.13)
A15: 44207 | B15: Норвежский | C15: FXGD | D15: FXGD ETF | E15: 70 | F15: ==DATEDIF(A15,$O$2,"y") | G15: ==DATEDIF(A15,$O$2,"ym") | H15: ==DATEDIF(A15,$O$2,"md") | I15: 2098 | J15: 93.14 | K15: ==Портфель!F3*Портфель!$Q$13 | L15: ==E15*K15 | M15: ==(K15-J15)*E15 | N15: ==MAX(0,M15*0.13)
A16: 43966 | B16: Норвежский | C16: SBGB | D16: SBGB ETF | E16: 9100 | F16: ==DATEDIF(A16,$O$2,"y") | G16: ==DATEDIF(A16,$O$2,"ym") | H16: ==DATEDIF(A16,$O$2,"md") | I16: 2339 | J16: 12.407434 | K16: ==Портфель!F4*Портфель!$Q$13 | L16: ==E16*K16 | M16: ==(K16-J16)*E16 | N16: ==MAX(0,M16*0.13)
A17: 43977 | B17: Норвежский | C17: SBGB | D17: SBGB ETF | E17: 100 | F17: ==DATEDIF(A17,$O$2,"y") | G17: ==DATEDIF(A17,$O$2,"ym") | H17: ==DATEDIF(A17,$O$2,"md") | I17: 2328 | J17: 12.532 | K17: ==Портфель!F4*Портфель!$Q$13 | L17: ==E17*K17 | M17: ==(K17-J17)*E17 | N17: ==MAX(0,M17*0.13)
A18: 43979 | B18: Норвежский | C18: SBGB | D18: SBGB ETF | E18: 3000 | F18: ==DATEDIF(A18,$O$2,"y") | G18: ==DATEDIF(A18,$O$2,"ym") | H18: ==DATEDIF(A18,$O$2,"md") | I18: 2326 | J18: 12.467333 | K18: ==Портфель!F4*Портфель!$Q$13 | L18: ==E18*K18 | M18: ==(K18-J18)*E18 | N18: ==MAX(0,M18*0.13)
A19: 44053 | B19: Норвежский | C19: SBGB | D19: SBGB ETF | E19: 1100 | F19: ==DATEDIF(A19,$O$2,"y") | G19: ==DATEDIF(A19,$O$2,"ym") | H19: ==DATEDIF(A19,$O$2,"md") | I19: 2252 | J19: 12.468 | K19: ==Портфель!F4*Портфель!$Q$13 | L19: ==E19*K19 | M19: ==(K19-J19)*E19 | N19: ==MAX(0,M19*0.13)
A20: 44145 | B20: Норвежский | C20: SBGB | D20: SBGB ETF | E20: 300 | F20: ==DATEDIF(A20,$O$2,"y") | G20: ==DATEDIF(A20,$O$2,"ym") | H20: ==DATEDIF(A20,$O$2,"md") | I20: 2160 | J20: 12.538 | K20: ==Портфель!F4*Портфель!$Q$13 | L20: ==E20*K20 | M20: ==(K20-J20)*E20 | N20: ==MAX(0,M20*0.13)
A21: 44175 | B21: Норвежский | C21: SBGB | D21: SBGB ETF | E21: 500 | F21: ==DATEDIF(A21,$O$2,"y") | G21: ==DATEDIF(A21,$O$2,"ym") | H21: ==DATEDIF(A21,$O$2,"md") | I21: 2130 | J21: 12.618 | K21: ==Портфель!F4*Портфель!$Q$13 | L21: ==E21*K21 | M21: ==(K21-J21)*E21 | N21: ==MAX(0,M21*0.13)
A22: 44207 | B22: Норвежский | C22: SBGB | D22: SBGB ETF | E22: 900 | F22: ==DATEDIF(A22,$O$2,"y") | G22: ==DATEDIF(A22,$O$2,"ym") | H22: ==DATEDIF(A22,$O$2,"md") | I22: 2098 | J22: 12.598 | K22: ==Портфель!F4*Портфель!$Q$13 | L22: ==E22*K22 | M22: ==(K22-J22)*E22 | N22: ==MAX(0,M22*0.13)
A23: 43966 | B23: Норвежский | C23: FXTB | D23: FXTB ETF | E23: 1030 | F23: ==DATEDIF(A23,$O$2,"y") | G23: ==DATEDIF(A23,$O$2,"ym") | H23: ==DATEDIF(A23,$O$2,"md") | I23: 2339 | J23: 75.395161 | K23: ==Портфель!F5*Портфель!$Q$13 | L23: ==E23*K23 | M23: ==(K23-J23)*E23 | N23: ==MAX(0,M23*0.13)
A24: 43977 | B24: Норвежский | C24: FXTB | D24: FXTB ETF | E24: 110 | F24: ==DATEDIF(A24,$O$2,"y") | G24: ==DATEDIF(A24,$O$2,"ym") | H24: ==DATEDIF(A24,$O$2,"md") | I24: 2328 | J24: 72.65 | K24: ==Портфель!F5*Портфель!$Q$13 | L24: ==E24*K24 | M24: ==(K24-J24)*E24 | N24: ==MAX(0,M24*0.13)
A25: 43986 | B25: Норвежский | C25: FXTB | D25: FXTB ETF | E25: 240 | F25: ==DATEDIF(A25,$O$2,"y") | G25: ==DATEDIF(A25,$O$2,"ym") | H25: ==DATEDIF(A25,$O$2,"md") | I25: 2319 | J25: 69.961667 | K25: ==Портфель!F5*Портфель!$Q$13 | L25: ==E25*K25 | M25: ==(K25-J25)*E25 | N25: ==MAX(0,M25*0.13)
A26: 44053 | B26: Норвежский | C26: FXTB | D26: FXTB ETF | E26: 20 | F26: ==DATEDIF(A26,$O$2,"y") | G26: ==DATEDIF(A26,$O$2,"ym") | H26: ==DATEDIF(A26,$O$2,"md") | I26: 2252 | J26: 75.05 | K26: ==Портфель!F5*Портфель!$Q$13 | L26: ==E26*K26 | M26: ==(K26-J26)*E26 | N26: ==MAX(0,M26*0.13)
A27: 44145 | B27: Норвежский | C27: FXTB | D27: FXTB ETF | E27: 70 | F27: ==DATEDIF(A27,$O$2,"y") | G27: ==DATEDIF(A27,$O$2,"ym") | H27: ==DATEDIF(A27,$O$2,"md") | I27: 2160 | J27: 77.7 | K27: ==Портфель!F5*Портфель!$Q$13 | L27: ==E27*K27 | M27: ==(K27-J27)*E27 | N27: ==MAX(0,M27*0.13)
A28: 44175 | B28: Норвежский | C28: FXTB | D28: FXTB ETF | E28: 110 | F28: ==DATEDIF(A28,$O$2,"y") | G28: ==DATEDIF(A28,$O$2,"ym") | H28: ==DATEDIF(A28,$O$2,"md") | I28: 2130 | J28: 75.36 | K28: ==Портфель!F5*Портфель!$Q$13 | L28: ==E28*K28 | M28: ==(K28-J28)*E28 | N28: ==MAX(0,M28*0.13)
A29: 44207 | B29: Норвежский | C29: FXTB | D29: FXTB ETF | E29: 80 | F29: ==DATEDIF(A29,$O$2,"y") | G29: ==DATEDIF(A29,$O$2,"ym") | H29: ==DATEDIF(A29,$O$2,"md") | I29: 2098 | J29: 75.96 | K29: ==Портфель!F5*Портфель!$Q$13 | L29: ==E29*K29 | M29: ==(K29-J29)*E29 | N29: ==MAX(0,M29*0.13)
K30: Сумма: | L30: ==SUBTOTAL(109,L2:L29) | M30: ==SUBTOTAL(109,M2:M29) | N30: ==MAX(0,M30*0.13)

Sheet FIFO
A1: Тикер | B1: Название | C1: Покупка | D1: Продажа | E1: Цена покупки | F1: Цена продажи | G1: Кол. | H1: Результат | I1: Доходность сделки | J1: Срок | K1: Доходность годовых
A2: SBGB | B2: SBGB ETF | C2: 43966 | D2: 43986 | E2: 1240.7434 | F2: 1249.45 | G2: 20 | H2: ==(F2-E2)*G2 | I2: ==(F2-E2)/E2 | J2: ==MAX(1,DATEDIF(C2,D2,"d")-1) | K2: ==I2*365/J2
A3: SBGB | B3: SBGB ETF | C3: 43966 | D3: 44114 | E3: 1240.7434 | F3: 1249 | G3: 2 | H3: ==(F3-E3)*G3 | I3: ==(F3-E3)/E3 | J3: ==MAX(1,DATEDIF(C3,D3,"d")-1) | K3: ==I3*365/J3
A4: FXTB | B4: FXTB ETF | C4: 43966 | D4: 43979 | E4: 753.9516 | F4: 724.589 | G4: 73 | H4: ==(F4-E4)*G4 | I4: ==(F4-E4)/E4 | J4: ==MAX(1,DATEDIF(C4,D4,"d")-1) | K4: ==I4*365/J4
A5: FXTB | B5: FXTB ETF | C5: 43966 | D5: 44114 | E5: 753.9516 | F5: 787.8 | G5: 10 | H5: ==(F5-E5)*G5 | I5: ==(F5-E5)/E5 | J5: ==MAX(1,DATEDIF(C5,D5,"d")-1) | K5: ==I5*365/J5
A6: FXGD | B6: FXGD ETF | C6: 43966 | D6: 43979 | E6: 878.125 | F6: 837.9128 | G6: 39 | H6: ==(F6-E6)*G6 | I6: ==(F6-E6)/E6 | J6: ==MAX(1,DATEDIF(C6,D6,"d")-1) | K6: ==I6*365/J6
A7: FXGD | B7: FXGD ETF | C7: 43966 | D7: 44053 | E7: 878.125 | F7: 1022.8 | G7: 20 | H7: ==(F7-E7)*G7 | I7: ==(F7-E7)/E7 | J7: ==MAX(1,DATEDIF(C7,D7,"d")-1) | K7: ==I7*365/J7
A8: FXIT | B8: iFXIT ETF | C8: 43966 | D8: 43966 | E8: 6683.8919 | F8: 6665 | G8: 7 | H8: ==(F8-E8)*G8 | I8: ==(F8-E8)/E8 | J8: ==MAX(1,DATEDIF(C8,D8,"d")-1) | K8: ==I8*365/J8
A9: FXIT | B9: iFXIT ETF | C9: 43966 | D9: 43966 | E9: 6683.8919 | F9: 6702 | G9: 30 | H9: ==(F9-E9)*G9 | I9: ==(F9-E9)/E9 | J9: ==MAX(1,DATEDIF(C9,D9,"d")-1) | K9: ==I9*365/J9
A10: EQMX | B10: EQMX ETF | C10: 43966 | D10: 43977 | E10: 94.5094 | F10: 100.9 | G10: 136 | H10: ==(F10-E10)*G10 | I10: ==(F10-E10)/E10 | J10: ==MAX(1,DATEDIF(C10,D10,"d")-1) | K10: ==I10*365/J10
A11: EQMX | B11: EQMX ETF | C11: 43966 | D11: 43986 | E11: 94.5094 | F11: 102.5398 | G11: 98 | H11: ==(F11-E11)*G11 | I11: ==(F11-E11)/E11 | J11: ==MAX(1,DATEDIF(C11,D11,"d")-1) | K11: ==I11*365/J11
A12: EQMX | B12: EQMX ETF | C12: 43966 | D12: 44145 | E12: 94.5094 | F12: 113.1 | G12: 149 | H12: ==(F12-E12)*G12 | I12: ==(F12-E12)/E12 | J12: ==MAX(1,DATEDIF(C12,D12,"d")-1) | K12: ==I12*365/J12
A13: EQMX | B13: EQMX ETF | C13: 43966 | D13: 44175 | E13: 94.5094 | F13: 121.7 | G13: 205 | H13: ==(F13-E13)*G13 | I13: ==(F13-E13)/E13 | J13: ==MAX(1,DATEDIF(C13,D13,"d")-1) | K13: ==I13*365/J13
... A18: RSHA | B18: VTBA ETF | C18: 43966 | D18: 43979 | E18: 725.2 | F18: 751.6248 | G18: 277 | H18: ==(F18-E18)*G18 | I18: ==(F18-E18)/E18 | J18: ==MAX(1,DATEDIF(C18,D18,"d")-1) | K18: ==I18*365/J18
